[Event "Titled Tuesday Blitz February 22 Early 2022"]
[White "Korchmar, Vasiliy"]
[Black "Slugin, Sergey"]
[WhiteFideId "24131750"]
[BlackFideId "4122569"]
[WhiteElo "2370"]
[BlackElo "2358"]
[Result "0-1"]
[Round "03"]
[TimeControl "180+1"]
[Date "2022.02.22"]
[WhiteClock "0:00:02"]
[BlackClock "0:00:06"]

1. d4 Nf6 2. Bf4 c5 3. d5 d6 4. Nc3 g6 5. e4 Bg7 6. Bb5+ Bd7 7. a4 a6 8. Be2 Qa5 9. Bd2 O-O 10. Nf3 Bg4 11. O-O Nbd7 12. h3 Bxf3 13. Bxf3 Rfb8 14. g3 Ne8 15. Bg2 Qd8 16. a5 b5 17. axb6 Qxb6 18. Ra2 Nc7 19. Be3 Ne5 20. Qe2 Qb4 21. f4 Nc4 22. Ra4 Nxe3 23. Rxb4 Rxb4 24. Rf3 Nxg2 25. Kxg2 Rxb2 26. e5 a5 27. h4 a4 28. exd6 exd6 29. Nxa4 Rxa4 30. Qe7 Rxc2+ 31. Kh3 h5 32. Rf1 Raa2 33. Rh1 Nxd5 34. Qe8+ Kh7 35. Qxf7 Ne3 36. f5 Nxf5 37. Qd5 Ra3 38. Rg1 Rcc3 39. Qf7 Rxg3+ 40. Rxg3 Rxg3+ 41. Kh2 Rg4 42. Kh3 Rxh4+ 43. Kg2 Rg4+ 44. Kf3 c4 45. Qc7 c3 46. Ke2 c2 47. Kf3 Rd4 48. Qxc2 Rg4 49. Qc7 d5 50. Qd7 d4 51. Kf2 Kh6 52. Kf3 Bf6 53. Qe8 Rg3+ 54. Kf2 Bh4 55. Qf8+ Kg5 56. Qd8+ Kg4 57. Ke2 Rg2+ 58. Kd3 Rg3+ 59. Ke2 Re3+ 60. Kd2 Kh3 61. Qd5 Be1+ 62. Kd1 Bg3 63. Qh1+ Kg4 64. Qd5 h4 65. Qg8 g5 66. Qd5 h3 67. Qh1 h2 0-1


[Site "https://www.chess.com"]

[Event "Titled Tuesday Blitz February 22 Early 2022"]
[White "Kozak, Adam"]
[Black "Sviridov, Valery"]
[WhiteFideId "753246"]
[BlackFideId "4120680"]
[WhiteElo "2459"]
[BlackElo "2454"]
[Result "1-0"]
[Round "03"]
[TimeControl "180+1"]
[Date "2022.02.22"]
[WhiteClock "0:01:30"]
[BlackClock "0:00:29"]

1. Nf3 d5 2. g3 c6 3. Bg2 Nf6 4. O-O Bf5 5. d3 e6 6. b3 h6 7. Bb2 Nbd7 8. Nbd2 Bh7 9. Re1 a5 10. a3 Nc5 11. c4 Be7 12. b4 Na6 13. b5 cxb5 14. cxb5 Nc5 15. a4 O-O 16. Ne5 Rc8 17. Rc1 Bd6 18. f4 Bxe5 19. fxe5 Ng4 20. Bd4 Nd7 21. Nf3 Rxc1 22. Qxc1 Qb8 23. Qf4 f5 24. h3 h5 25. Ng5 Ngxe5 26. Nxe6 Re8 27. Bxd5 Kh8 28. Ng5 Bg6 29. Be6 Qd8 30. Bxd7 Nxd7 31. Nf7+ 1-0


[Site "https://www.chess.com"]

[Event "Titled Tuesday Blitz February 22 Early 2022"]
[White "Kozak, Antoni"]
[Black "Timofeev, Artyom"]
[WhiteFideId "21832030"]
[BlackFideId "4140419"]
[WhiteElo "2232"]
[BlackElo "2583"]
[Result "1/2-1/2"]
[Round "03"]
[TimeControl "180+1"]
[Date "2022.02.22"]
[WhiteClock "0:00:04"]
[BlackClock "0:00:08"]

1. Nf3 c5 2. c4 Nc6 3. Nc3 Nf6 4. g3 d5 5. d4 dxc4 6. d5 Nb4 7. e4 e6 8. Bxc4 exd5 9. exd5 Be7 10. Bb5+ Kf8 11. Bc4 b5 12. Bxb5 Bb7 13. O-O Nbxd5 14. Nxd5 Qxd5 15. Qxd5 Bxd5 16. Ne5 Bd6 17. Bf4 Rd8 18. Rfd1 Ke7 19. Re1 Kf8 20. Rad1 h6 21. Nd7+ Rxd7 22. Bxd7 Bxf4 23. gxf4 g6 24. Re5 Bxa2 25. Rxc5 Kg7 26. Bb5 Rb8 27. Ra1 a6 28. Rxa2 axb5 29. Ra7 Nh5 30. Rcc7 Rf8 31. f5 gxf5 32. Rab7 Nf4 33. Rxb5 Rd8 34. f3 Kf6 35. Rb6+ Ne6 36. Ra7 Rd2 37. b4 Rb2 38. h4 Ke5 39. Rxf7 Nd4 40. Kf1 Kf4 41. Rxh6 Nxf3 42. Rc6 Rxb4 43. h5 Rb1+ 44. Kf2 Rb2+ 45. Kf1 Rb1+ 46. Kg2 Rb2+ 47. Kf1 Rb1+ 1/2-1/2


[Site "https://www.chess.com"]

[Event "Titled Tuesday Blitz February 22 Early 2022"]
[White "Krsnik Cohar, Ivan Vihor"]
[Black "Van Foreest, Jorden"]
[WhiteFideId "14520044"]
[BlackFideId "1039784"]
[WhiteElo "2414"]
[BlackElo "2609"]
[Result "0-1"]
[Round "03"]
[TimeControl "180+1"]
[Date "2022.02.22"]
[WhiteClock "0:00:09"]
[BlackClock "0:00:23"]

1. d4 Nf6 2. Bg5 d5 3. Nd2 c5 4. e3 Nc6 5. c3 Bf5 6. Qb3 Qb6 7. dxc5 Qxc5 8. Ngf3 e6 9. Nd4 Nxd4 10. exd4 Qb6 11. Bb5+ Nd7 12. Qa4 Qc7 13. Bf4 Qxf4 14. Bxd7+ Kd8 15. Bb5 Bd6 16. g3 Qh6 17. Be2 Ke7 18. Nf1 Be4 19. f3 Bf5 20. Kf2 Rhe8 21. Ne3 Kf8 22. Rae1 Qf6 23. Bb5 Red8 24. Bf1 a6 25. Bg2 b5 26. Qd1 b4 27. Qa4 Bd3 28. Ng4 Qg5 29. Qd1 Bc4 30. h4 Qf5 31. Ne5 bxc3 32. bxc3 Rab8 33. Nxc4 dxc4 34. Re2 Qg6 35. f4 Rb6 36. Be4 Qf6 37. Qa4 e5 38. dxe5 Bxe5 39. Qxc4 Bxf4 40. Kg2 Bb8 41. Rf1 Qe6 42. Qc5+ Qd6 43. Qf5 Qxg3+ 44. Kh1 Qxh4+ 45. Kg1 Rg6+ 46. Rg2 Ba7+ 47. Rf2 Rd1# 0-1


[Site "https://www.chess.com"]

[Event "Titled Tuesday Blitz February 22 Early 2022"]
[White "Krylov, Ivan"]
[Black "Dejmek, Mark"]
[WhiteFideId "24128066"]
[BlackFideId "2017628"]
[WhiteElo "2258"]
[BlackElo "2208"]
[Result "1/2-1/2"]
[Round "03"]
[TimeControl "180+1"]
[Date "2022.02.22"]
[WhiteClock "0:00:19"]
[BlackClock "0:00:08"]

1. e4 e5 2. Nf3 Nc6 3. Bb5 a6 4. Ba4 Nf6 5. d3 d6 6. c3 g6 7. Nbd2 Bg7 8. Nf1 O-O 9. Ng3 h6 10. O-O Be6 11. Re1 Nb8 12. h3 c5 13. d4 cxd4 14. cxd4 exd4 15. Nxd4 Bd7 16. Bb3 Nc6 17. Be3 Re8 18. Qd2 Nxe4 19. Nxe4 Rxe4 20. Nxc6 Bxc6 21. Bxh6 Qe7 22. Bxg7 Kxg7 23. Qc3+ Qf6 24. Qxf6+ Kxf6 25. Rad1 Rxe1+ 26. Rxe1 Re8 27. Rd1 Re2 28. Rxd6+ Ke7 29. Rd4 Rxb2 30. Rf4 f5 31. h4 Kf6 32. Rd4 Kg7 33. Rd6 Kh6 34. Bf7 Kh5 35. Rxg6 Kxh4 36. g3+ Kh3 37. Rh6+ Kg4 38. Rg6+ Kh3 39. Rh6+ Kg4 40. Rg6+ Kh3 1/2-1/2


[Site "https://www.chess.com"]

[Event "Titled Tuesday Blitz February 22 Early 2022"]
[White "Krysa, Leandro"]
[Black "Tsydypov, Zhamsaran"]
[WhiteFideId "116807"]
[BlackFideId "4108566"]
[WhiteElo "2490"]
[BlackElo "2614"]
[Result "0-1"]
[Round "03"]
[TimeControl "180+1"]
[Date "2022.02.22"]
[WhiteClock "0:00:02"]
[BlackClock "0:00:08"]

1. e4 c5 2. Nf3 e6 3. d4 cxd4 4. Nxd4 Nc6 5. Nc3 d6 6. Be3 a6 7. f4 Bd7 8. Qf3 b5 9. O-O-O Rc8 10. Kb1 Nf6 11. e5 Nxd4 12. Bxd4 Bc6 13. Qe3 dxe5 14. Bxe5 Qe7 15. Qb6 Qb7 16. Qxb7 Bxb7 17. Bd3 Ng4 18. Be4 Bc6 19. Bxc6+ Rxc6 20. Rd2 Nxe5 21. fxe5 Bb4 22. Rhd1 O-O 23. Rd8 Bxc3 24. bxc3 Rxc3 25. R1d6 Rc5 26. Rxf8+ Kxf8 27. Rxa6 Rxe5 28. Kb2 h5 29. Ra5 Rd5 30. Kb3 g6 31. Kb4 Rd2 32. Kc3 Rxg2 33. Rxb5 Rxh2 34. a4 Rh4 35. Kb3 Rh1 36. Kb2 Rd1 37. a5 Rd8 38. a6 Ra8 39. Ra5 h4 40. Kc3 h3 41. Ra1 h2 42. Rh1 Rxa6 43. Rxh2 Ke7 44. Kd3 Ra4 45. c4 Kd6 46. Kd4 e5+ 47. Kd3 Kc5 48. Rh8 f5 49. Rc8+ Kd6 50. Rd8+ Ke7 51. Rg8 Ra3+ 52. Kc2 Kf6 53. Kb2 Rd3 54. Kc2 e4 55. c5 Rd5 56. Rc8 e3 57. c6 Kg5 58. Re8 Rc5+ 59. Kd3 Rxc6 60. Kxe3 Rc4 61. Rg8 Rg4 62. Kf3 Kf6 63. Ra8 Kg5 64. Ra6 Rd4 65. Rb6 Rd3+ 66. Ke2 Ra3 67. Rc6 Kh5 68. Rf6 Ra4 69. Kf3 Re4 70. Kg3 Re5 71. Rf8 Ra5 72. Kf4 g5+ 73. Ke3 Ra3+ 74. Kd4 Kg4 75. Ke5 f4 76. Rg8 Ra5+ 77. Ke4 Ra7 78. Re8 Rf7 79. Re6 f3 80. Re7 Rxe7+ 0-1


[Site "https://www.chess.com"]

[Event "Titled Tuesday Blitz February 22 Early 2022"]
[White "Kuzmin, Roman"]
[Black "Yeletsky, Ivan"]
[WhiteFideId "44134932"]
[BlackFideId "24180327"]
[WhiteElo "1978"]
[BlackElo "2348"]
[Result "0-1"]
[Round "03"]
[TimeControl "180+1"]
[Date "2022.02.22"]
[WhiteClock "0:00:15"]
[BlackClock "0:00:16"]

1. e4 c5 2. Nf3 d6 3. d4 cxd4 4. Nxd4 Nf6 5. Nc3 a6 6. Be2 e5 7. Nb3 Be7 8. Be3 Be6 9. O-O O-O 10. Qd2 Nbd7 11. a4 Nb6 12. a5 Nc4 13. Bxc4 Bxc4 14. Rfd1 Qc7 15. f3 h6 16. Nc1 Rac8 17. N1a2 Qxa5 18. b3 Be6 19. Nd5 Nxd5 20. Qxa5 Nxe3 21. Rd3 Nxc2 22. Rc1 Nd4 23. Rxc8 Rxc8 24. Qb6 Rc2 25. Qxb7 Bh4 26. Qxa6 Ne2+ 27. Kf1 Nf4 28. g3 Nxd3 29. Qxd3 Rxa2 30. gxh4 Rxh2 31. Qxd6 Rxh4 32. Qxe5 Rh1+ 33. Kg2 Rb1 34. Qb8+ Kh7 35. b4 h5 36. b5 h4 37. b6 h3+ 38. Kg3 Rg1+ 39. Kf2 Rg2+ 40. Kf1 Rb2 41. Qc7 h2 42. Qxh2+ Rxh2 43. b7 Rb2 44. b8=Q Rxb8 45. Kg2 Rc8 46. Kg3 g6 47. Kf2 Kg7 48. Ke3 f5 49. Kf4 fxe4 50. Kg3 e3 51. Kh2 Re8 52. Kg3 Bf7 53. f4 Kf6 54. f5 g5 55. Kg4 e2 56. Kf3 e1=Q 57. Kg4 Re4+ 58. Kh3 Qh4+ 59. Kg2 Re2+ 60. Kf3 Qf2+ 61. Kg4 Re4+ 62. Kh3 Rh4# 0-1


[Site "https://www.chess.com"]

[Event "Titled Tuesday Blitz February 22 Early 2022"]
[White "Lakshmi C"]
[Black "Mohammadian, Mohammad"]
[WhiteFideId "25035347"]
[BlackFideId "12566055"]
[WhiteElo "1775"]
[BlackElo "1543"]
[Result "1/2-1/2"]
[Round "03"]
[TimeControl "180+1"]
[Date "2022.02.22"]
[WhiteClock "0:00:48"]
[BlackClock "0:00:39"]

1. g3 e5 2. Bg2 d5 3. d3 Nf6 4. e3 Bd6 5. Ne2 Be6 6. O-O Nc6 7. f4 exf4 8. gxf4 O-O 9. Ng3 Qd7 10. Nc3 Rfe8 11. f5 d4 12. fxe6 Rxe6 13. exd4 Bxg3 14. hxg3 Nxd4 15. Ne4 Nxe4 16. dxe4 Qd6 17. Bf4 Qb6 18. Kh2 Nc6 19. Qd5 Rd8 20. Qb3 Qa5 21. Rad1 Qh5+ 22. Bh3 Rxd1 23. Rxd1 Qxd1 24. Bxe6 Qe2+ 25. Kh3 Qh5+ 26. Kg2 Qe2+ 27. Kg1 Qe1+ 28. Kh2 Qe2+ 29. Kh3 Qh5+ 30. Kg2 Qe2+ 31. Kg1 Qe1+ 32. Kg2 Qe2+ 1/2-1/2


[Site "https://www.chess.com"]

[Event "Titled Tuesday Blitz February 22 Early 2022"]
[White "Lauridsen, Jesper Morch"]
[Black "Krutko, Anatoly"]
[WhiteFideId "1401890"]
[BlackFideId "4185862"]
[WhiteElo "2276"]
[BlackElo "2378"]
[Result "0-1"]
[Round "03"]
[TimeControl "180+1"]
[Date "2022.02.22"]
[WhiteClock "0:00:14"]
[BlackClock "0:00:39"]

1. e3 d5 2. b3 e6 3. Bb2 c5 4. f4 Nc6 5. Bb5 Bd7 6. Nf3 f6 7. O-O Bd6 8. c3 Nge7 9. d4 O-O 10. Bd3 a6 11. Nbd2 b5 12. Qe2 b4 13. dxc5 Bxc5 14. c4 Nf5 15. Bxf5 exf5 16. cxd5 Ne7 17. Rac1 Bb5 18. Nc4 Nxd5 19. Nd4 Re8 20. Nxf5 Nc3 21. Qg4 Qd7 22. Rxc3 bxc3 23. Bxc3 Bxc4 24. Bxf6 Bxe3+ 25. Kh1 Be6 26. Nh6+ Kh8 27. f5 Bxh6 28. fxe6 Qxe6 29. Qh4 Kg8 30. Bb2 Rf8 31. Rd1 Qe2 32. Rb1 Rf1+ 33. Rxf1 Qxf1# 0-1


[Site "https://www.chess.com"]

[Event "Titled Tuesday Blitz February 22 Early 2022"]
[White "Leiva, Gianmarco"]
[Black "Brankovic, Dejan"]
[WhiteFideId "3804399"]
[BlackFideId "921602"]
[WhiteElo "2328"]
[BlackElo "2209"]
[Result "1/2-1/2"]
[Round "03"]
[TimeControl "180+1"]
[Date "2022.02.22"]
[WhiteClock "0:00:04"]
[BlackClock "0:00:17"]

1. e4 c5 2. Nf3 d6 3. d4 cxd4 4. Nxd4 Nf6 5. Nc3 g6 6. Bc4 Bg7 7. f3 Nc6 8. Be3 Qb6 9. Bb5 Qc7 10. Nd5 Nxd5 11. exd5 a6 12. Ba4 b5 13. Nxc6 bxa4 14. Bd4 Bxd4 15. Qxd4 O-O 16. O-O-O Bb7 17. Qxa4 Bxc6 18. dxc6 Rfc8 19. Rhe1 e6 20. Re4 Qxc6 21. Qxc6 Rxc6 22. Red4 d5 23. b3 Kg7 24. R1d2 Rac8 25. Kb2 Kf6 26. h4 h5 27. Rb4 R8c7 28. a4 Ke7 29. g4 hxg4 30. fxg4 f5 31. h5 Kf6 32. hxg6 Kxg6 33. Rf2 Rf7 34. Rbf4 Rd6 35. gxf5+ Rxf5 36. Rxf5 exf5 37. Kc3 d4+ 38. Kd3 Kf6 39. Kc4 Ke5 40. Re2+ Kf4 41. Kc5 Rd8 42. Kb6 Rd6+ 43. Kc5 Rd8 44. Kb6 Kf3 45. Re6 f4 46. Kxa6 Rc8 47. Rd6 Ke3 48. Re6+ Kf3 49. Rd6 Ke3 50. Re6+ Kf3 1/2-1/2


[Site "https://www.chess.com"]

[Event "Titled Tuesday Blitz February 22 Early 2022"]
[White "Ljukin, Sergei"]
[Black "Barrientos, Sergio E"]
[WhiteFideId "14102200"]
[BlackFideId "4401824"]
[WhiteElo "2312"]
[BlackElo "2441"]
[Result "0-1"]
[Round "03"]
[TimeControl "180+1"]
[Date "2022.02.22"]
[WhiteClock "0:00:01"]
[BlackClock "0:01:06"]

1. e4 c5 2. Nf3 d6 3. d4 Nf6 4. Nc3 cxd4 5. Nxd4 a6 6. Bg5 Nbd7 7. Qe2 Qa5 8. Bd2 Qb6 9. Nb3 e6 10. g4 h6 11. O-O-O Qc7 12. f4 b5 13. Bg2 Bb7 14. e5 dxe5 15. fxe5 Nh7 16. Bxb7 Qxb7 17. h4 Be7 18. g5 Nhf8 19. Rhf1 hxg5 20. hxg5 Ng6 21. Kb1 Ndxe5 22. Be3 Rc8 23. Na5 Qc7 24. Nb3 Qc4 25. Qg2 Qc6 26. Qe2 Kf8 27. Bd4 Qc4 28. Qf2 Kg8 29. Rde1 f6 30. gxf6 Bxf6 31. Bxe5 Nxe5 32. Rxe5 Rh2 33. Qf3 Bxe5 34. Qf7+ Kh7 35. Re1 Bxc3 36. bxc3 Qxc3 0-1


[Site "https://www.chess.com"]

[Event "Titled Tuesday Blitz February 22 Early 2022"]
[White "Lodici, Lorenzo"]
[Black "Assaubayeva, Bibisara"]
[WhiteFideId "884189"]
[BlackFideId "13708694"]
[WhiteElo "2265"]
[BlackElo "2404"]
[Result "1-0"]
[Round "03"]
[TimeControl "180+1"]
[Date "2022.02.22"]
[WhiteClock "0:00:37"]
[BlackClock "0:00:04"]

1. e4 c5 2. Be2 d6 3. d3 g6 4. f4 Bg7 5. Nf3 Nc6 6. c3 f5 7. O-O Nh6 8. e5 dxe5 9. Nxe5 Bxe5 10. fxe5 Nf7 11. Be3 Qb6 12. b4 Nfxe5 13. Bxc5 Qc7 14. d4 Nd7 15. d5 Nxc5 16. bxc5 Ne5 17. Qd4 b6 18. c6 Qd6 19. Na3 Qxa3 20. Qxe5 O-O 21. Kh1 Qd6 22. Qxd6 exd6 23. a4 f4 24. a5 Rb8 25. axb6 Rxb6 26. Rxa7 Rb2 27. Bf3 Bf5 28. Re1 g5 29. h3 Rf7 30. Re8+ Kg7 31. Rxf7+ Kxf7 32. Bh5+ Kg7 33. c7 Rb1+ 34. Kh2 Rc1 35. c8=Q Bxc8 36. Rxc8 1-0


[Site "https://www.chess.com"]

[Event "Titled Tuesday Blitz February 22 Early 2022"]
[White "Lohani, Sujana"]
[Black "Sanchez Alvares, Kelvin Antonio"]
[WhiteFideId "12311987"]
[BlackFideId "3906680"]
[WhiteElo "1691"]
[BlackElo "2193"]
[Result "0-1"]
[Round "03"]
[TimeControl "180+1"]
[Date "2022.02.22"]
[WhiteClock "0:00:01"]
[BlackClock "0:00:19"]

1. d4 Nf6 2. Nf3 c5 3. d5 g6 4. c4 Bg7 5. Nc3 O-O 6. e4 d6 7. h3 e6 8. Be2 exd5 9. cxd5 a6 10. a4 Re8 11. Qc2 Nbd7 12. O-O Nh5 13. Re1 Rb8 14. Bg5 Bf6 15. Bxf6 Qxf6 16. Bd3 Ne5 17. Nxe5 Rxe5 18. Re3 Bd7 19. Rae1 b5 20. Rf3 Qe7 21. g4 Ng7 22. axb5 axb5 23. Qd2 b4 24. Nd1 h5 25. Qf4 hxg4 26. hxg4 Rg5 27. Rg3 Re5 28. Ne3 Ne8 29. Nc4 Rg5 30. Kg2 Bb5 31. Rh1 Bxc4 32. Bxc4 Qf6 33. Qe3 Re5 34. Rgh3 Kf8 35. Qh6+ Qg7 36. Qf4 g5 37. Qf3 Ke7 38. Rh7 Qf6 39. Qe3 Qf4 40. Qxf4 gxf4 41. Kf3 Nf6 42. R7h6 Nxe4 43. Bd3 Nd2+ 44. Kg2 f3+ 45. Kg3 c4 46. Bf5 Rg8 47. Rh7 Rxf5 0-1


[Site "https://www.chess.com"]

[Event "Titled Tuesday Blitz February 22 Early 2022"]
[White "Lopez Gracia, Fernando"]
[Black "Hakemi, Arman"]
[WhiteFideId "2207184"]
[BlackFideId "22520805"]
[WhiteElo "2433"]
[BlackElo "2208"]
[Result "1/2-1/2"]
[Round "03"]
[TimeControl "180+1"]
[Date "2022.02.22"]
[WhiteClock "0:00:27"]
[BlackClock "0:00:15"]

1. c4 g6 2. e4 Bg7 3. d4 d6 4. Nc3 Nc6 5. Nf3 Bg4 6. d5 Nd4 7. Be3 Nxf3+ 8. gxf3 Bd7 9. Bd4 Nf6 10. Qd2 c5 11. Be3 a6 12. Rc1 h6 13. h4 b5 14. cxb5 axb5 15. Nxb5 Rxa2 16. Na3 Qb8 17. Nc4 Bb5 18. Rb1 Nd7 19. Be2 Bxc4 20. Bxc4 Rxb2 21. Rxb2 Qxb2 22. Qxb2 Bxb2 23. Bb5 Kd8 24. Kd2 Kc7 25. Rb1 Bf6 26. Bxd7 Kxd7 27. Rb7+ Kc8 28. Ra7 Kb8 29. Rd7 Bxh4 30. e5 dxe5 31. Bxc5 Bg5+ 32. Ke2 Re8 33. d6 exd6 34. Bxd6+ Kc8 35. Rxf7 Bf4 36. Rc7+ Kd8 37. Rg7 Re6 38. Bc5 h5 39. Be3 h4 40. Rh7 g5 41. Kd3 Rf6 42. Ke4 Bxe3 43. fxe3 Ke8 44. Rh5 Rg6 45. Kxe5 Kf7 46. Kf5 Rf6+ 47. Kg4 Rg6 48. Rh7+ Ke6 49. f4 gxf4+ 50. Kxf4 Rf6+ 51. Ke4 Rf1 52. Rxh4 Ra1 53. Rh6+ Ke7 54. Kf5 Ra5+ 55. Kf4 Ra4+ 56. e4 Ra5 57. Rb6 Kf7 58. Rd6 Ke7 59. Rd5 Rxd5 60. exd5 Kd6 61. Ke4 Kd7 62. Ke5 Ke7 63. Kd4 Kd6 64. Kc4 Kd7 65. Kc5 Kc7 66. d6+ Kd7 67. Kd5 Kd8 68. Ke5 Kd7 69. Kd5 Kd8 70. Kc6 Kc8 71. Kc5 Kd7 72. Kd5 1/2-1/2


[Site "https://www.chess.com"]

[Event "Titled Tuesday Blitz February 22 Early 2022"]
[White "Lou, Yiping"]
[Black "Nakamura, Hikaru"]
[WhiteFideId "8603928"]
[BlackFideId "2016192"]
[WhiteElo "2412"]
[BlackElo "2850"]
[Result "0-1"]
[Round "03"]
[TimeControl "180+1"]
[Date "2022.02.22"]
[WhiteClock "0:00:02"]
[BlackClock "0:00:56"]

1. e4 g6 2. d4 Bg7 3. Nf3 a6 4. c4 d6 5. Nc3 Bg4 6. Be2 Nc6 7. Be3 e5 8. d5 Bxf3 9. Bxf3 Nd4 10. g3 Nxf3+ 11. Qxf3 Bh6 12. h4 Bxe3 13. Qxe3 h5 14. c5 Nf6 15. f3 Kf8 16. O-O-O Kg7 17. Kb1 Qe7 18. cxd6 cxd6 19. Rc1 Nd7 20. Na4 Qd8 21. b3 Rf8 22. Rc2 f5 23. exf5 Rxf5 24. Rhc1 b5 25. Nc3 Qb6 26. Qe2 Nf6 27. g4 hxg4 28. fxg4 Rf4 29. g5 Nh5 30. Ne4 Raf8 31. Rc6 Qd4 32. Rc7+ Kh8 33. Nxd6 Rf2 34. Nf7+ R8xf7 35. Rxf7 Rxf7 0-1


[Site "https://www.chess.com"]

[Event "Titled Tuesday Blitz February 22 Early 2022"]
[White "Magallanes, Rey Jomar"]
[Black "Martins, Bruno Andre Leite"]
[WhiteFideId "5205948"]
[BlackFideId "1942255"]
[WhiteElo "2232"]
[BlackElo "2137"]
[Result "0-1"]
[Round "03"]
[TimeControl "180+1"]
[Date "2022.02.22"]
[WhiteClock "0:00:37"]
[BlackClock "0:01:22"]

1. e4 c6 2. d4 d5 3. e5 Bf5 4. h4 h5 5. Bd3 Bxd3 6. Qxd3 e6 7. Bg5 Qa5+ 8. Nd2 Ne7 9. c4 Nd7 10. Nf3 Nf5 11. b3 Bb4 12. a4 f6 13. exf6 gxf6 14. Bf4 Kf7 15. Rd1 Rag8 16. O-O Rg4 17. Bh2 Rhg8 18. g3 Nf8 19. cxd5 Qxd5 20. Nc4 Nxh4 21. Nxh4 Rxh4 22. Ne3 Qf3 23. d5 cxd5 24. Rc1 Rxh2 25. Rc7+ Be7 26. Kxh2 h4 27. Rxe7+ Kxe7 28. Nf5+ Qxf5 29. Qxf5 exf5 0-1


[Site "https://www.chess.com"]

[Event "Titled Tuesday Blitz February 22 Early 2022"]
[White "Makhnev, Denis"]
[Black "Ovetchkin, Roman"]
[WhiteFideId "13707647"]
[BlackFideId "4119991"]
[WhiteElo "2491"]
[BlackElo "2409"]
[Result "1-0"]
[Round "03"]
[TimeControl "180+1"]
[Date "2022.02.22"]
[WhiteClock "0:00:05"]
[BlackClock "0:00:05"]

1. d4 Nf6 2. c4 c5 3. d5 b5 4. cxb5 a6 5. e3 g6 6. Nc3 Bg7 7. a4 O-O 8. Nf3 d6 9. e4 Nbd7 10. Bg5 Qa5 11. Bd2 Qb4 12. Bd3 c4 13. Bc2 axb5 14. Nxb5 Qc5 15. O-O Ba6 16. Be3 Qc8 17. Nfd4 Ne5 18. h3 Nfd7 19. f4 Nd3 20. Bxd3 cxd3 21. Rc1 Qb7 22. Rc7 Qb6 23. Nf5 Nc5 24. Rc6 Qb7 25. Nxg7 Bxb5 26. axb5 Nxe4 27. Qxd3 Nf6 28. Nf5 gxf5 29. Qxf5 Ra4 30. b6 Rfa8 31. Rc7 Qa6 32. b7 Rf8 33. Qg5+ Kh8 34. Rfc1 Ra1 35. Rxa1 Qxa1+ 36. Kh2 Qxb2 37. Rc8 Ne8 38. b8=Q 1-0


[Site "https://www.chess.com"]

[Event "Titled Tuesday Blitz February 22 Early 2022"]
[White "Maltsevskaya, Aleksandra"]
[Black "Vitiugov, Nikita"]
[WhiteFideId "24174041"]
[BlackFideId "4152956"]
[WhiteElo "2283"]
[BlackElo "2673"]
[Result "0-1"]
[Round "03"]
[TimeControl "180+1"]
[Date "2022.02.22"]
[WhiteClock "0:00:02"]
[BlackClock "0:00:02"]

1. e4 c5 2. Nf3 d6 3. d4 cxd4 4. Nxd4 Nf6 5. Nc3 a6 6. h3 e6 7. g4 h6 8. Be3 Be7 9. Qf3 Nbd7 10. O-O-O g5 11. h4 Rg8 12. hxg5 hxg5 13. Qe2 Qa5 14. f3 Ne5 15. Kb1 Bd7 16. Nb3 Qc7 17. Qf2 b5 18. Bb6 Qc6 19. Na5 Qc8 20. a3 Rb8 21. Ba7 Ra8 22. Bb6 Rb8 23. Ba7 Qc7 24. Bxb8 Qxb8 25. Be2 Bd8 26. Nb3 Bb6 27. Qh2 Ke7 28. f4 Nexg4 29. Qg3 Nf2 30. fxg5 N6xe4 31. Nxe4 Nxe4 32. Qf4 d5 33. Qxb8 Rxb8 34. Rh7 Nxg5 35. Rh5 Ne4 36. Bd3 Nf2 37. Re1 Kd6 38. Nd2 f5 39. Rh6 Ng4 40. Rg6 Ne5 41. Rh6 Rf8 42. Nf1 Ng4 43. Rg6 Ne5 44. Rh6 f4 45. Nd2 f3 46. Rf1 f2 47. Rh2 Ng4 48. Rg2 e5 49. Be2 Rf4 50. Bxg4 Bxg4 51. Kc1 Bh3 52. Rgg1 fxg1=Q 53. Rxg1 Bxg1 0-1


[Site "https://www.chess.com"]

[Event "Titled Tuesday Blitz February 22 Early 2022"]
[White "Manukian, Artak"]
[Black "Yuan, Qingyu"]
[WhiteFideId "13301373"]
[BlackFideId "8609772"]
[WhiteElo "2473"]
[BlackElo "2359"]
[Result "1-0"]
[Round "03"]
[TimeControl "180+1"]
[Date "2022.02.22"]
[WhiteClock "0:00:12"]
[BlackClock "0:00:43"]

1. e4 c6 2. d4 d5 3. e5 c5 4. dxc5 e6 5. a3 Bxc5 6. b4 Be7 7. c4 a5 8. cxd5 Qxd5 9. Qxd5 exd5 10. Nc3 Be6 11. b5 f6 12. exf6 Bxf6 13. Bb2 Ne7 14. Na4 Bxb2 15. Nxb2 Nd7 16. Nf3 Nc5 17. Nd4 O-O 18. Rc1 Rac8 19. Rxc5 Rxc5 20. Nxe6 Rc1+ 21. Kd2 Rfc8 22. Nd4 Nf5 23. Nd3 Rxf1 24. Nxf5 Rxh1 25. Ne7+ Kf8 26. Nxc8 Ra1 27. Nd6 b6 28. Nc8 Rxa3 29. Nxb6 Rb3 30. Nxd5 Rxb5 31. Nc3 Rb6 32. h4 Ra6 33. Na4 Rc6 34. Ndc5 Kf7 35. g3 Kg6 36. Nb3 Rc4 37. Nb2 Rb4 38. Kc3 Rb5 39. Nd4 Rd5 40. Kc4 Rd7 41. Na4 Kh5 42. f3 Rb7 43. Kc5 Rb4 44. Nc3 Rb1 45. Nxb1 g5 46. hxg5 Kxg5 47. Nd2 h5 48. Ne4+ Kg6 49. Kb5 h4 50. gxh4 a4 51. Kxa4 Kh5 52. f4 Kxh4 53. f5 Kh5 54. f6 Kh6 55. Kb5 Kg6 56. Kc6 Kf7 57. Kd5 Kf8 58. Ke6 Ke8 59. Nf5 Kf8 60. Nfd6 Kg8 61. Ke7 Kh7 62. f7 Kg6 63. f8=Q Kh7 64. Qf5+ Kh8 65. Qg5 Kh7 66. Nf6+ Kh8 67. Qg8# 1-0


[Site "https://www.chess.com"]

[Event "Titled Tuesday Blitz February 22 Early 2022"]
[White "Manukyan, Artyom"]
[Black "Muradov, Soltan"]
[WhiteFideId "13305786"]
[BlackFideId "14002108"]
[WhiteElo "2034"]
[BlackElo "1854"]
[Result "1-0"]
[Round "03"]
[TimeControl "180+1"]
[Date "2022.02.22"]
[WhiteClock "0:00:58"]
[BlackClock "0:00:08"]

1. e4 e5 2. Nf3 Nf6 3. Nxe5 d6 4. Nf3 Nxe4 5. Nc3 Nxc3 6. dxc3 Be7 7. Be3 Nc6 8. Qd2 Be6 9. O-O-O Qd7 10. Bb5 a6 11. Ba4 b5 12. Bb3 Na5 13. Nd4 Bc4 14. Rhe1 O-O 15. f3 Rfe8 16. g4 Bh4 17. Rg1 g6 18. Nf5 Bf6 19. Bd4 Qd8 20. Nh6+ Kf8 21. g5 Bg7 22. Bxg7+ Kxg7 23. Qd4+ f6 24. Bxc4 Nxc4 25. Ng4 Ne5 26. Nxf6 c5 27. Qxd6 Qxd6 28. Nxe8+ Rxe8 29. Rxd6 Nxf3 30. Rgd1 Nxg5 31. Rxa6 h5 32. Rb6 Nf3 33. h3 Ng5 34. Rh1 Re2 35. Rxb5 Ne4 36. a4 Kh6 37. a5 Kg5 38. a6 1-0


[Site "https://www.chess.com"]

[Event "Titled Tuesday Blitz February 22 Early 2022"]
[White "Maranhao,Jose Renato Ruiz"]
[Black "Petrova, Irina"]
[WhiteFideId "2135175"]
[BlackFideId "14124122"]
[WhiteElo "1970"]
[BlackElo "1988"]
[Result "1-0"]
[Round "03"]
[TimeControl "180+1"]
[Date "2022.02.22"]
[WhiteClock "0:00:09"]
[BlackClock "0:00:11"]

1. e4 e5 2. d4 exd4 3. c3 dxc3 4. Bc4 d6 5. Nf3 Nf6 6. e5 dxe5 7. Bxf7+ Ke7 8. Qb3 Nc6 9. bxc3 Bg4 10. O-O Na5 11. Ba3+ Kd7 12. Rd1+ Bd6 13. Qa4+ Nc6 14. Nxe5+ Kc8 15. Nxg4 Kb8 16. Bxd6 cxd6 17. Na3 Nxg4 18. Qxg4 Ne5 19. Qe6 Rf8 20. Rxd6 Qa5 21. Bh5 Qxc3 22. Rad1 a6 23. Nb1 Qb2 24. Nd2 Ka7 25. Nf3 Rae8 26. Bxe8 Nxf3+ 27. gxf3 Rf6 28. Qe3+ b6 29. Rd7+ Kb8 30. Rd8+ Kc7 31. R1d7+ Kc6 32. Rd2+ 1-0


[Site "https://www.chess.com"]

[Event "Titled Tuesday Blitz February 22 Early 2022"]
[White "Marcinczyk, Monika"]
[Black "Ianov, Viktor"]
[WhiteFideId "1192051"]
[BlackFideId "14102730"]
[WhiteElo "1730"]
[BlackElo "2215"]
[Result "0-1"]
[Round "03"]
[TimeControl "180+1"]
[Date "2022.02.22"]
[WhiteClock "0:00:01"]
[BlackClock "0:01:54"]

1. e4 d6 2. d4 g6 3. Nc3 Bg7 4. Be3 a6 5. Qd2 b5 6. a3 Bb7 7. f3 Nd7 8. Nh3 Nb6 9. Be2 e6 10. O-O h6 11. Nf2 Ne7 12. f4 d5 13. e5 h5 14. b3 Nf5 15. Nd3 Nd7 16. Bf2 h4 17. h3 Kf8 18. Bf3 Bh6 19. Ne2 Qe7 20. a4 Kg7 21. axb5 axb5 22. Ra5 c6 23. Rfa1 Rhb8 24. Rxa8 Rxa8 25. Rxa8 Bxa8 26. Qa5 Qe8 27. Qc7 Kg8 28. Nb4 Nb8 29. Qa7 Nd7 30. Na6 Qc8 31. Nc3 Bxf4 0-1


[Site "https://www.chess.com"]